 Dungeon Crawl Stone Soup version 0.19.0-11-g3fc08b3 (webtiles) character file.

65 inmateoo the Skirmisher (level 4, 0/50 HPs)
             Began as an Ogre Wanderer on Nov 8, 2016.
             Slain by a kobold
             ... wielding a +0 short sword
              (3 damage)
             ... on level 1 of the Dungeon.
             The game lasted 00:00:54 (791 turns).

inmateoo the Skirmisher (Ogre Wanderer)              Turns: 791, Time: 00:00:55

Health: 0/50       AC:  3    Str: 19    XL:     4   Next: 14%
Magic:  4/4        EV: 10    Int: 10    God:
Gold:   83         SH:  0    Dex:  9    Spells: 0 memorised, 3 levels left

rFire  . . .     SeeInvis .     a - +2 quarterstaff
rCold  . . .     Gourm    .     d - +0 robe
rNeg   . . .     Faith    .     (shield currently unavailable)
rPois  .         Spirit   .     (helmet restricted)
rElec  .         Reflect  .     (no cloak)
rCorr  .         Harm     .     (gloves unavailable)
MR     .....                    (boots unavailable)
Stlth  +.........               (no amulet)
                                (no ring)
                                (no ring)

@: no status effects
A: unfitting armour, tough skin 1
a: no special abilities


You were on level 1 of the Dungeon.
You were not hungry.

You visited 1 branch of the dungeon, and saw 2 of its levels.

You collected 83 gold pieces.

Inventory:

Hand Weapons
 a - a +2 quarterstaff (weapon)
Armour
 d - a +0 robe (worn)
Scrolls
 c - a scroll of teleportation
 g - 2 scrolls of amnesia {unknown}
 h - a scroll of immolation {unknown}
Potions
 e - a potion of agility {unknown}
Comestibles
 b - a meat ration
 f - 6 bread rations
 i - a chunk of flesh


   Skills:
 * Level 5.0 Fighting
 - Level 3.6 Staves
 - Level 2.0 Throwing
 + Level 2.2 Dodging


You had 3 spell levels left.
You didn't know any spells.

Dungeon Overview and Level Annotations

Branches:
Dungeon (2/15)

Altars:


Innate Abilities, Weirdness & Mutations

You are too large for most types of armour.
You have tough skin. (AC +1)


Message History

You climb upwards.
The kobold shouts!
The kobold throws a stone.
The stone hits you but does no damage.
There is a stone staircase leading down here.
You see here a stone.
A kobold is nearby!
The kobold throws a stone.
The stone hits you but does no damage.
You see here a stone.
The kobold throws a stone.
The stone hits you but does no damage.
You see here a stone.
The kobold hits you with a short sword.
* * * LOW HITPOINT WARNING * * *
You barely miss the kobold. The kobold hits you but does no damage.
You barely miss the kobold. The kobold barely misses you.
You miss the kobold. The kobold hits you with a short sword.
* * * LOW HITPOINT WARNING * * *
You hit the kobold.
The kobold is severely wounded.
The kobold hits you with a short sword.
You die...

#(#########.....# #....
#.#......##.....# #....
#.#......###'#######....
#.'...)..# #.##....##...
###......###.#.....+.##.
##................#.##.
#..>...................
#...(..................
#.[..(@K.......#.##.##.
#....###.##.####.##....
#....#...##.####.######
#.......###......# #.
#...########.###### #.
#.....#≈≈≈≈♣≈♣≈≈≈≈# ##.
#####.#≈.P.....♣ ≈# #..
#.#≈PPP...♣♣♣≈# #..
#.#♣.P.....♣.♣###.#


You could see a kobold.

Vanquished Creatures
  Natasha (D:2)
  An adder (D:2)
  An ooze (D:1)
  4 leopard geckos
  5 bats
  2 goblins
  3 hobgoblins (D:1)
  2 jackals (D:1)
  2 kobolds (D:1)
  A ball python (D:1)
22 creatures vanquished.

Vanquished Creatures (others)
  5 toadstools (D:1)
5 creatures vanquished.

Grand Total: 27 creatures vanquished

Notes
Turn   | Place    | Note
-------+----------+-------------------------------------------
     0 | D:1      | inmateoo the Ogre Wanderer began the quest for the Orb.
     0 | D:1      | inmateoo set off with: a +2 quarterstaff, a +0 falchion, a scroll of teleportation, a +0 robe, a bread ration
     0 | D:1      | Reached XP level 1. HP: 22/22 MP: 1/1
    54 | D:1      | Reached skill level 3 in Fighting
   208 | D:1      | Reached XP level 2. HP: 26/31 MP: 2/2
   283 | D:1      | Reached skill level 4 in Fighting
   526 | D:1      | Reached XP level 3. HP: 30/39 MP: 3/3
   766 | D:2      | Noticed Natasha
   776 | D:2      | Killed Natasha
   776 | D:2      | Reached skill level 5 in Fighting
   776 | D:2      | Reached XP level 4. HP: 5/50 MP: 4/4
   791 | D:1      | Slain by a kobold

Skill      XL: |  1  2  3 |
---------------+----------+-----
Fighting       | 3 4 5 |  5.0
Dodging        | 2 |  2.2
Staves         | |  3.6
Throwing       | |  2.0

Action                   |  1- 3 |  4- 6 || total
-------------------------+-------+-------++-------
Melee: Quarterstaff      |    66 |     4 ||    70
 Stab: Sleeping          |     1 |       ||     1
Armor: Robe              |    21 |     1 ||    22
Dodge: Dodged            |    34 |     1 ||    35
